 Dungeon Crawl Stone Soup version 0.21-a0-630-g344d351 (webtiles) character file.

193 slep the Slasher (level 5, -2/27 HPs)
             Began as a Vine Stalker Gladiator on Dec 27, 2017.
             Killed from afar by an orc wizard (4 damage)
             ... with a magic dart
             ... on level 3 of the Dungeon.
             The game lasted 00:06:45 (1840 turns).

slep the Slasher (Vine Stalker Gladiator)           Turns: 1840, Time: 00:06:46

Health: -2/27      AC:  4    Str: 17    XL:     5   Next: 72%
Magic:  0/6        EV: 13    Int:  8    God:
Gold:   130        SH:  0    Dex: 16    Spells: 4/4 levels left

rFire    . . .     SeeInvis .   a - +0 long sword
rCold    . . .     Gourm    .   (no shield)
rNeg     . . .     Faith    .   b - +0 leather armour
rPois    .         Spirit   +   c - +0 helmet
rElec    .         Reflect  .   (no cloak)
rCorr    +         Harm     .   (no gloves)
MR       .....                  (no boots)
Stlth    ++........             (no amulet)
HPRegen  0.49/turn              j - ring of wizardry
MPRegen  0.10/turn              k - ring of resist corrosion

@: no status effects
A: fangs 2, regeneration 1, magic shield, antimagic bite, no potion heal 3, rot
immunity
a: no special abilities


You were on level 3 of the Dungeon.
You were not hungry.

You visited 1 branch of the dungeon, and saw 3 of its levels.

You collected 130 gold pieces.

Inventory:

Hand Weapons
 a - a +0 long sword (weapon)
Missiles
 d - 3 throwing nets (quivered)
Armour
 b - a +0 leather armour (worn)
 c - a +0 helmet (worn)
Jewellery
 j - a ring of wizardry (left hand)
 k - a ring of resist corrosion (right hand)
Scrolls
 g - a scroll of random uselessness {unknown}
 h - 3 scrolls of identify {unknown}
 i - 2 scrolls of teleportation {unknown}
 m - a scroll of noise {unknown}
 p - a scroll of amnesia {unknown}
Potions
 e - a potion of flight {unknown}
 l - a potion of resistance {unknown}
 n - a potion of lignification {unknown}
 q - 2 potions of invisibility {unknown}
Comestibles
 f - 3 rations
 o - a chunk of flesh


   Skills:
 + Level 2.7 Fighting
 + Level 3.8 Long Blades
 + Level 1.9 Throwing
 + Level 1.5 Armour
 + Level 3.3 Dodging
 + Level 0.8 Stealth


You had 4 spell levels left.
You didn't know any spells.

Dungeon Overview and Level Annotations

Branches:
Dungeon (3/15)

Altars:
Fedhas
Makhleb
Nemelex Xobeh
Ru
Wu Jian
Xom
Zin


Innate Abilities, Weirdness & Mutations

You have extremely sharp teeth.
Your natural rate of healing is unusually fast.
When hurt, damage is shared between your health and your magic reserves.
Your bite disrupts and absorbs the magic of your enemies.
Potions cannot restore your health.
You are immune to rotting.


Message History

Your bite misses the orc wizard.
The orc wizard is moderately wounded.
You slash the orc wizard!
The orc wizard is almost dead.
The orc wizard misses you. The orc wizard hits you with a dagger.
* * * LOW HITPOINT WARNING * * *
You closely miss the orc wizard.
The orc wizard is almost dead.
The orc wizard hits you with a dagger.
* * * LOW HITPOINT WARNING * * *
The orc wizard hits you with a dagger.
* * * LOW HITPOINT WARNING * * *
You miss the orc wizard. Your bite misses the orc wizard.
The orc wizard is almost dead.
The orc wizard misses you.
The orc wizard casts a spell.
The orc wizard blinks!
The orc wizard points at you and mumbles some strange words.
The magic dart hits you!
You die...

#### ######...
############
#........
........@..##
#.##.....
#..!..).....###
#.##.....
#.#######...>.#
#.##.....
###.....###.###....
....................
####.....###.####.##
##..o..#........##
#....†..)..#######
#.#.####...# #.


You could see an orc wizard.

Vanquished Creatures
  An orc wizard (D:3)
  Jessica (D:2)
  5 adders
  A gnoll (D:1)
  An ooze (D:1)
  3 worms (D:2)
  A dart slug (D:2)
  A leopard gecko (D:1)
  7 orcs (D:3)
  6 bats
  3 giant cockroaches
  4 hobgoblins (D:1)
  2 jackals (D:1)
  A quokka (D:2)
  3 frilled lizards
  12 goblins
  6 kobolds
  3 rats
61 creatures vanquished.

Notes
Turn   | Place    | Note
-------+----------+-------------------------------------------
     0 | D:1      | slep the Vine Stalker Gladiator began the quest for the Orb.
     0 | D:1      | Reached XP level 1. HP: 11/11 MP: 2/2
    66 | D:1      | Reached XP level 2. HP: 15/15 MP: 3/3
   385 | D:1      | Reached XP level 3. HP: 4/18 MP: 1/4
   718 | D:2      | Gained mutation: Your natural rate of healing is unusually fast. [Vine Stalker growth]
   718 | D:2      | Reached XP level 4. HP: 1/23 MP: 5/5
   719 | D:2      | HP: 1/23 [adder (1)]
   720 | D:2      | Reached skill level 1 in Armour
   830 | D:2      | Found a faded altar of an unknown god.
   996 | D:2      | Noticed Jessica
  1004 | D:2      | Killed Jessica
  1344 | D:2      | Found a glowing silver altar of Zin.
  1346 | D:2      | Found a burning altar of Makhleb.
  1346 | D:2      | Found a shimmering altar of Xom.
  1348 | D:2      | Found a sparkling altar of Nemelex Xobeh.
  1348 | D:2      | Found an ornate altar of the Wu Jian Council.
  1348 | D:2      | Found a blossoming altar of Fedhas.
  1575 | D:3      | Reached XP level 5. HP: 17/27 MP: 3/6
  1630 | D:3      | Found a sacrificial altar of Ru.
  1838 | D:3      | HP: 1/27 [orc wizard/dagger (1)]
  1840 | D:3      | Killed from afar by an orc wizard

Vault maps used:
D:1:      dpeg_arrival_concentric_ovals
D:2:      chequers_ecumenical_altar_lobes, doesnt_xom_only_xom, uniq_jessica
D:3:      nicolae_ru_sacrificial_ziggurat, uniq_sigmund

Skill      XL: |  1  2  3  4 |
---------------+-------------+-----
Long Blades    | 3 |  3.8
Dodging        | 3 |  3.3
Armour         | 1 |  1.5
Fighting       | 2 |  2.7
Throwing       | |  1.9
Stealth        | |  0.8

Action                   |  1- 3 |  4- 6 || total
-------------------------+-------+-------++-------
Melee: Long sword        |    63 |    78 ||   141
       Bite              |    18 |    24 ||    42
 Stab: Sleeping          |       |     2 ||     2
  Eat: Chunk             |       |     3 ||     3
Armor: Leather armour    |    25 |    21 ||    46
Dodge: Dodged            |    47 |    71 ||   118
       Rpst.: Long sword |    18 |    28 ||    46

Table legend:
 A = Spawn XP
 B = Non-spawn XP
 C = Spawn XP percentage of total XP
 D = Spawn monster count
 E = Non-spawn monster count
 F = Spawn count percentage of total count
 G = Total turns spent on level
                    A         B        C        D         E        F      G
               +---------+---------+-------+---------+---------+-------+---------
         Total |       0 |     277 |   0.0 |       0 |      61 |   0.0 |  1840
               +---------+---------+-------+---------+---------+-------+---------
           D:1 |       0 |      57 |   0.0 |       0 |      23 |   0.0 |   658
           D:2 |       0 |      98 |   0.0 |       0 |      16 |   0.0 |   910
           D:3 |       0 |     122 |   0.0 |       0 |      22 |   0.0 |   272
               +---------+---------+-------+---------+---------+-------+---------
